 Dungeon Sprint DCSS version 0.24-a0-244-ga6a6ab7 (webtiles) character file.

Game seed: 15126095793930883117

109 MikeHunt the Ruffian (level 4, -3/35 HPs)
             Began as a Draconian Artificer on Apr 11, 2019.
             Slain by a shadow (35 damage)
             ... in the Dungeon (Sprint III: "The Ten Rune Challenge").
             The game lasted 00:02:37 (586 turns).

MikeHunt the Ruffian (Draconian Artificer)           Turns: 586, Time: 00:02:38

Health: -3/35      AC:  5    Str: 14    XL:     4   Next: 60%
Magic:  6/7        EV: 13    Int: 12    God:
Gold:   10         SH:  0    Dex: 12    Spells: 3/3 levels left

rFire    . . .     SeeInvis .     - Unarmed
rCold    . . .     Gourm    .   (no shield)
rNeg     . . .     Faith    .   (armour unavailable)
rPois    .         Spirit   .   (helmet restricted)
rElec    +         Reflect  .   (no cloak)
rCorr    .         Harm     .   (no gloves)
MR       .....     NoTele   +   (no boots)
Stlth    +.........             (no amulet)
HPRegen  0.11/turn              (no ring)
MPRegen  0.10/turn              (no ring)

@: flying
A: unfitting armour, big wings, talons 1, electricity resistance, cold-blooded,
AC +5
a: Stop Flying


You were in the Dungeon.
You were not hungry.

You visited 1 branch You collected 10 gold pieces.

Inventory:

Hand Weapons
 a - a +0 short sword
Wands
 b - a wand of flame (7)
 c - a wand of enslavement (15)
 d - a wand of random effects (14)
Scrolls
 j - 2 scrolls of torment {unknown}
 k - a scroll of blinking
 l - 4 scrolls of remove curse
 n - a scroll of identify {unknown}
Potions
 e - a potion of curing
 g - 2 potions of heal wounds
 h - a potion of haste
 i - 2 potions of magic
 m - 3 potions of flight
 o - 2 potions of mutation
Comestibles
 f - 3 rations


   Skills:
 - Level 1.1 Fighting
 - Level 1.0 Short Blades
 - Level 3.6 Dodging
 - Level 0.8 Stealth
 * Level 7.4 Unarmed Combat
 + Level 4.9 Evocations


You had 3 spell levels left.
You didn't know any spells.
Your spell library was empty.

Dungeon Overview and Level Annotations

Branches:
Dungeon (1/1)

Altars:


Innate Abilities, Weirdness & Mutations

Your plain brown scales are hard. (AC +5)
You cannot fit into any form of body armour.
You are cold-blooded and may be slowed by cold attacks.
Your large and strong wings let you fly indefinitely.
You have sharp toenails.
You are resistant to electric shocks. (rElec)


Message History

The helpless shadow fails to defend itself.
You hit the shadow.
The shadow is moderately damaged.
The shadow hits you.
You punch the shadow!
Your tail-slap misses the shadow.
The shadow is severely damaged.
The shadow misses you.
You hit the shadow.
Your tail-slap misses the shadow.
The shadow is almost destroyed.
The shadow slips into darkness.
The shadow flickers and vanishes!
Deactivating autopickup; reactivate with Ctrl-A.
You closely miss something.
Your tail-slap misses something.
Evoke which item? (* to show all) (? for menu, Esc to quit)
Aiming: Throw Flame
Press: ? - help, Shift-Dir - straight line The puff of flame hits something.
The shadow strikes at you from the darkness!
Ouch! That really hurt!
You die...

▓▓ ▓▓▓ .♣♣ ♣.# ♣.♣
♣♣.# ♣.♣ ♣..#
≈.♣♣♣..###+#+###+##
≈..♣.♣.#..........#
≈≈♣♣.♣.'.⌠........#
≈≈≈≈♣♣.#...######'#
≈≈≈....#.⌠.# #{@.#
≈≈.....#...# #...#
.......#+### #.J.#
.......# #..%+
.......# +...#
▓▓▓▓▓▓▓▓ ▓▓▓▓▓


You could see a jelly.

Vanquished Creatures
  A water elemental (D)
  Jessica (D)
  A human (D)
  An ooze (D)
  A phantom (D)
  2 rats (D)
7 creatures vanquished.

Vanquished Creatures (others)
  2 draconian scorchers (D)
  A yaktaur (D)
  6 hellions (D)
9 creatures vanquished.

Grand Total: 16 creatures vanquished

Notes
Turn   | Place    | Note
-------+----------+-------------------------------------------
     0 | D        | MikeHunt the Draconian Artificer began the quest for the
                  | Orb.
     0 | D        | Reached XP level 1. HP: 16/16 MP: 3/3
     3 | D        | Reached skill level 1 in Unarmed Combat
     6 | D        | Reached skill level 2 in Unarmed Combat
    15 | D        | Noticed Jessica
    22 | D        | Killed Jessica
    22 | D        | Reached skill level 4 in Unarmed Combat
    22 | D        | Reached XP level 2. HP: 5/23 MP: 4/4
    22 | D        | Reached XP level 3. HP: 7/28 MP: 5/5
   100 | D        | Killed a hellion
   100 | D        | Killed a hellion
   101 | D        | Killed a hellion
   113 | D        | Killed a hellion
   160 | D        | Killed a yaktaur
   184 | D        | Killed a white draconian scorcher
   238 | D        | Killed a hellion
   263 | D        | Reached skill level 5 in Unarmed Combat
   281 | D        | Killed a white draconian scorcher
   336 | D        | Killed a hellion
   521 | D        | Gained mutation: You have supernaturally acute eyesight.
                  | (SInv) [potion of mutation]
   521 | D        | Gained mutation: You can translocate small distances at
                  | will. [potion of mutation]
   522 | D        | Lost mutation: You can translocate small distances at will.
                  | [potion of mutation]
   522 | D        | Lost mutation: You have supernaturally acute eyesight.
                  | (SInv) [potion of mutation]
   522 | D        | Gained mutation: Your large and strong wings let you fly
                  | indefinitely. [potion of mutation]
   522 | D        | Gained mutation: You have sharp toenails. [potion of
                  | mutation]
   522 | D        | Gained mutation: You are resistant to electric shocks.
                  | (rElec) [potion of mutation]
   563 | D        | Noticed a water elemental
   567 | D        | Killed a water elemental
   567 | D        | Reached skill level 7 in Unarmed Combat
   567 | D        | Reached XP level 4. HP: 32/35 MP: 5/7
   580 | D        | Noticed a shadow
   586 | D        | Slain by a shadow

Levels and vault maps discovered:
D:        dungeon_sprint_mu [sprint_mu_entry_forest, sprint_mu_temple_rooms,
          sprint_mu_d1_horrors, sprint_mu_d2_genie, sprint_mu_d3_branching,
          sprint_mu_orc_legion, sprint_mu_elf_gauntlet, sprint_mu_hive_nellie,
          sprint_mu_lair_fedhas, sprint_mu_vaults_butterflies,
          sprint_mu_slime_circle, sprint_mu_shoals_kraken,
          sprint_mu_snake_twists, sprint_mu_blade_basic,
          sprint_mu_crypt_fortress, sprint_mu_tomb_spiral,
          sprint_mu_vestibule_basic, sprint_mu_gehenna_hellfire,
          sprint_mu_dis_giant, sprint_mu_tartarus_statrot,
          sprint_mu_cocytus_islands, sprint_mu_zot1]

Skill      XL: |  1  2  3 |
---------------+----------+-----
Dodging        | 3 |  3.6
Unarmed Combat | 4 7 |  7.4
Evocations     | 4 |  4.9
Fighting       | |  1.1
Short Blades   | |  1.0
Stealth        | |  0.8

Action                   |  1- 3 |  4- 6 || total
-------------------------+-------+-------++-------
Melee: Short sword       |    16 |       ||    16
       Tailslap          |     6 |       ||     6
       Unarmed           |    19 |     4 ||    23
       Punch             |     1 |       ||     1
 Abil: Fly               |     1 |       ||     1
Evoke: Wand              |     7 |     2 ||     9
  Use: Potion            |     3 |       ||     3
 Stab: Confused          |     1 |       ||     1
       Sleeping          |       |     1 ||     1
Armor: Skin              |     2 |       ||     2
Dodge: Dodged            |    16 |     1 ||    17

Table legend:
 A = Non-vault XP
 B = Vault XP
 C = Vault XP percentage of total XP
 D = Non-vault monster count
 E = Vault monster count
 F = Vault count percentage of total count
                 A         B        C        D         E       F
            +---------+---------+-------+---------+---------+-------
      Total |       0 |     157 | 100.0 |       0 |       7 | 100.0
            +---------+---------+-------+---------+---------+-------
          D |       0 |     157 | 100.0 |       0 |       7 | 100.0
            +---------+---------+-------+---------+---------+-------
